 Dungeon Crawl Stone Soup version 0.30-a0-170-g85af917532 (webtiles) character file.

Game seed: 2033844783532772314

81 qw the Chopper (level 4, -8/28 HPs)
             Began as a Gargoyle Fighter on Sept 30, 2022.
             Mangled by a gnoll
             ... wielding a +2 halberd of flaming
              (11 damage)
             ... on level 3 of the Dungeon.
             The game lasted 00:00:39 (2121 turns).

qw the Chopper (Gargoyle Fighter)                   Turns: 2121, Time: 00:00:40

Health: -8/28      AC: 13    Str: 22    XL:     4   Next: 40%
Magic:  4/4        EV:  7    Int:  8    God:
Gold:   135        SH:  4    Dex:  9    Spells: 3/3 levels left

rFire   . . .      SeeInvis .    Y - +0 war axe
rCold   . . .      Faith    .    c - +0 buckler
rNeg    + . .      Spirit   .    i - +0 chain mail
rPois   inf        Reflect  .    (no helmet)
rElec   +          Harm     .    l - +0 cloak
rCorr   .          Rampage  .    (no gloves)
Will    +....                    (no boots)
Stlth   ..........               (no amulet)
HPRegen 0.09/turn                a - ring of willpower
MPRegen 0.09/turn                (no ring)

@: no status effects
A: sickness immunity, AC +3, negative energy resistance 1, electricity
resistance, torment resistance 1, petrification resistance
a: no special abilities


You were on level 3 of the Dungeon.
You visited 1 branch of the dungeon, and saw 3 of its levels.

You collected 135 gold pieces.


Innate Abilities, Weirdness & Mutations

You are immune to sickness and miasma.
Your stone body is resilient. (AC +3)
You are immune to poison.
You resist negative energy. (rN+)
You are resistant to electric shocks. (rElec)
You are resistant to unholy torment.
You are immune to petrification.


   Skills:
 - Level 3.2 Fighting
 + Level 4.1 Axes
 - Level 3.2 Armour
 - Level 3.2 Shields


You had 3 spell levels left.
You didn't know any spells.
Your spell library was empty.

Inventory:

Hand Weapons
 k - a +0 whip
 Y - a +0 war axe (weapon)
Armour
 c - a +0 buckler (worn)
 i - a +0 chain mail (worn)
 l - a +0 cloak (worn)
Jewellery
 a - a ring of willpower (left hand)
 n - a ring of resist corrosion
Scrolls
 g - a scroll of immolation {unknown}
 o - a scroll of silence {unknown}
Potions
 b - 2 potions of heal wounds {unknown}
 d - a potion of might
 e - a potion of ambrosia {unknown}
 f - a potion of magic {unknown}
 h - a potion of flight {unknown}
 j - a potion of mutation {unknown}
 m - a potion of curing {unknown}

Dungeon Overview and Level Annotations

Branches:
Dungeon (3/15)

Altars:
Dithmenos

Shops:
D:3 :


Message History

A gnoll comes into view. It is wielding a +0 spear.
The gnoll shouts!
A gnoll comes into view. It is wielding a +2 halberd of flaming.
Enter note: A bat comes into view.
Found a shadowy altar of Dithmenos.
The gnoll shouts!
You hear a shout!
A gnoll comes into view. It is wielding a +0 flail.
Found an escape hatch in the floor.
The gnoll shouts!
A ball python comes into view.
You barely miss the bat.
The ball python hisses angrily.
You block the bat's attack. The gnoll barely misses you.
The gnoll hits you but does no damage.
A gnoll comes into view. It is wielding a +0 club.
The bat hits you but does no damage.
You slash the bat!
You kill the bat!
2115 ||| Stepping ~*~*~tactically~*~*~ (hiding).
The ball python barely misses you. The ball python grabs you.
The ball python constricts you. The gnoll hits you but does no damage.
You slash the ball python!
You kill the ball python!
You slash the gnoll! The gnoll hits you with a +0 flail!
The gnoll hits you from afar with a +0 spear.
You closely miss the gnoll.
The gnoll is heavily wounded.
The gnoll barely misses you. x2; The gnoll hits you but does no damage.
The gnoll hits you with a +0 flail!
You slash the gnoll!
You kill the gnoll!
You barely miss the gnoll. The gnoll hits you with a +0 club.
The gnoll hits you from afar with a +0 spear!
You hit the gnoll.
The gnoll is lightly wounded.
The gnoll hits you from afar with a +2 halberd of flaming!
You die...

# .## ....# .... ....#
..... ##...# ~~~~.#
#....# ~~~~.g####....#
>.~~.g%@......#
}_~~..)g......#
~~~~..........#####
~~~~....?.....<...# ##
..............#####+#...
....+.........+ .......
#####.........###.......
#..:.................
#.............#######


You could see 3 gnolls.

Vanquished Creatures
  A gnoll (D:3)
  2 adders (D:2)
  A worm (D:2)
  2 dart slugs (D:2)
  5 ball pythons
  5 endoplasms
  2 giant cockroaches
  3 hobgoblins
  4 jackals (D:2)
  4 kobolds
  2 quokkas
  2 bats
  A frilled lizard (D:1)
  6 goblins
  2 rats
42 creatures vanquished.

Notes
Turn   | Place    | Note
-------+----------+-------------------------------------------
     0 | D:1      | qw the Gargoyle Fighter began the quest for the Orb.
     0 | D:1      | Reached XP level 1. HP: 14/14 MP: 1/1
     0 | D:1      | 0 ||| qw: Version: 0.2-a-12-gaebbb33
     0 | D:1      | 0 ||| qw: Game counter: 1527
     0 | D:1      | 0 ||| qw: Always use a shield: true
     0 | D:1      | 0 ||| qw: God list: Okawaru
     0 | D:1      | 0 ||| qw: Allow faded altars: false
     0 | D:1      | 0 ||| qw: Do Orc after D:15 true
     0 | D:1      | 0 ||| qw: Do second Lair branch before Depths: true
     0 | D:1      | 0 ||| qw: Lair rune preference: random
     0 | D:1      | 0 ||| qw: Plans: Normal, Zot:1-4, God:TSO, Crypt, Tomb,
                  | Pan, Slime:5, Hells, Abyss, Orb
     0 | D:1      | 0 ||| PLANNING D:1-11
    41 | D:1      | Found a faded altar of an unknown god.
    85 | D:1      | Reached skill level 2 in Axes
   160 | D:1      | Reached XP level 2. HP: 19/19 MP: 2/2
   388 | D:1      | 388 ||| Stepping ~*~*~tactically~*~*~ (stealth).
   391 | D:1      | 391 ||| Stepping ~*~*~tactically~*~*~ (stealth).
   677 | D:1      | 677 ||| DROPPING +0 club.
   963 | D:1      | 963 ||| UPGRADING to +0 chain mail.
   973 | D:1      | 973 ||| DROPPING +0 scale mail.
   974 | D:1      | 974 ||| UPGRADING to +0 cloak.
   979 | D:1      | 979 ||| READING scroll labelled HITREJ COOHA.
   980 | D:1      | 980 ||| READING scroll labelled LAEM NEOMMEPP.
  1045 | D:2      | Reached skill level 3 in Axes
  1100 | D:2      | Reached XP level 3. HP: 23/23 MP: 3/3
  1182 | D:2      | 1182 ||| Stepping ~*~*~tactically~*~*~ (stealth).
  1184 | D:2      | 1184 ||| Stepping ~*~*~tactically~*~*~ (stealth).
  1193 | D:2      | 1193 ||| Stepping ~*~*~tactically~*~*~ (stealth).
  1728 | D:2      | Reached XP level 4. HP: 28/28 MP: 4/4
  1887 | D:2      | 1887 ||| UPGRADING to ring of willpower.
  1888 | D:2      | 1888 ||| READING scroll labelled FENYNTYALU.
  1889 | D:2      | 1889 ||| READING 2 scrolls labelled UPETEENUQE.
  1890 | D:2      | 1890 ||| READING scroll labelled COLYWA ZYOSU.
  1891 | D:2      | 1891 ||| READING scroll labelled YNTITTOC FABED.
  1892 | D:2      | 1892 ||| DROPPING scroll of poison.
  1997 | D:3      | Found Buf Kypo's Book Shop.
  2095 | D:3      | Reached skill level 4 in Axes
  2111 | D:3      | Found a shadowy altar of Dithmenos.
  2115 | D:3      | 2115 ||| Stepping ~*~*~tactically~*~*~ (hiding).
  2120 | D:3      | HP: 3/28 [gnoll/+0 spear (7)]
  2121 | D:3      | Mangled by a gnoll

Levels and vault maps discovered:
D:1:      eino_arrival_cavern_c, layout_loops_corners,
          hellmonk_ecumenical_altar_crossroads
D:2:      layout_basic
D:3:      layout_basic, general_overflow_altar, serial_shops, shop,
          dk_vineyard_1, kennysheep_cluttered_room, minivault_26

Skill      XL: |  1  2  3  4 |
---------------+-------------+-----
Axes           | 2 3 4 |  4.1
Fighting       | |  3.2
Armour         | |  3.2
Shields        | |  3.2

Action                   |  1- 3 |  4- 6 || total
-------------------------+-------+-------++-------
Melee: War axe           |    95 |    10 ||   105
Throw: Boomerang         |    16 |       ||    16
  Use: Scroll            |     2 |     4 ||     6
Armor: Scale mail        |    18 |       ||    18
       Chain mail        |    34 |     4 ||    38
Dodge: Dodged            |    33 |     4 ||    37
Block: Buckler           |    14 |     2 ||    16

Table legend:
 A = Non-vault XP
 B = Vault XP
 C = Vault XP percentage of total XP
 D = Non-vault monster count
 E = Vault monster count
 F = Vault count percentage of total count
                 A         B        C        D         E       F
            +---------+---------+-------+---------+---------+-------
      Total |     116 |       0 |   0.0 |      42 |       0 |   0.0
            +---------+---------+-------+---------+---------+-------
        D:1 |      25 |       0 |   0.0 |      15 |       0 |   0.0
        D:2 |      68 |       0 |   0.0 |      21 |       0 |   0.0
        D:3 |      23 |       0 |   0.0 |       6 |       0 |   0.0
            +---------+---------+-------+---------+---------+-------
